 Dungeon Crawl Stone Soup version 0.30-a0-394-g3e4acdb0ae (webtiles) character file.

Game seed: 17089144222907088911

75 kae the Chiller (level 4, 0/30 HPs)
             Began as a Merfolk Ice Elementalist on Dec 6, 2022.
             Slain by a gnoll
             ... wielding a +0 flail
              (8 damage)
             ... on level 4 of the Dungeon.
             The game lasted 00:02:02 (1393 turns).

kae the Chiller (Merfolk Ice Elementalist)          Turns: 1393, Time: 00:02:03

Health: 0/30       AC:  2    Str:  8    XL:     4   Next: 31%
Magic:  8/8        EV: 12    Int: 16    God:
Gold:   72         SH:  5    Dex: 14    Spells: 0/8 levels left

rFire   + . .      SeeInvis .    m - +9 long sword of Felon {flame, rPois rCorr}
rCold   . . .      Faith    .    (no shield)
rNeg    . . .      Spirit   .    a - +0 robe
rPois   +          Reflect  +    (no helmet)
rElec   .          Harm     .    (no cloak)
rCorr   +          Rampage  .    (no gloves)
Will    +....                    (no boots)
Stlth   ++........               d - amulet of reflection
HPRegen 0.25/turn                F - ring of protection from fire
MPRegen 0.11/turn                k - ring of willpower

@: no status effects
A: (nimble swimmer 2), mertail
a: no special abilities


You were on level 4 of the Dungeon.
You visited 1 branch of the dungeon, and saw 3 of its levels.

You collected 72 gold pieces.


Innate Abilities, Weirdness & Mutations

((You are very nimble when in or above water. (Stealth+, EV+, Speed+++)))
Your lower body shifts to a powerful aquatic tail in water.


   Skills:
 + Level 0.1 Long Blades
 - Level 2.6 Dodging
 - Level 2.1 Stealth
 + Level 2.8 Spellcasting
 * Level 5.7 Ice Magic


You couldn't memorise any spells.
You knew the following spells:

 Your Spells              Type           Power      Damage    Failure   Level
a - Freeze                Ice            80%        1d9       1%          1
b - Frozen Ramparts       Ice            40%        1d7       5%          3
c - Foxfire               Conj/Fire      8%         2x1d4     19%         1
d - Ozocubu's Armour      Ice            20%        N/A       5%          3

Your spell library contained the following spells:

 Spells                   Type           Power      Damage    Failure   Level
 Summon Ice Beast         Ice/Summ       11%        N/A       52%         4
 Fireball                 Conj/Fire      1%         3d3       99%         5
 Starburst                Conj/Fire      1%         6d3       100%        6

Inventory:

Hand Weapons
 c - a +0 dagger of electrocution
   (You took it off a goblin on level 1 of the Dungeon)
 m - the +9 long sword of Felon (weapon) {flame, rPois rCorr}
   (You found it on level 4 of the Dungeon)

   It burns those it strikes, dealing additional fire damage.
   Big, fiery blades are also staple armaments of hydra-hunters.
   rPois:     It protects you from poison.
   rCorr:     It protects you from acid and corrosion.
Missiles
 h - 20 stones
 q - 12 poisoned darts
Armour
 a - a +0 robe (worn)
Jewellery
 d - an amulet of reflection (around neck)
   (You found it on level 1 of the Dungeon)
 k - a ring of willpower (right hand)
   (You took it off a hobgoblin on level 1 of the Dungeon)
 F - a ring of protection from fire (left hand)
   (You found it on level 1 of the Dungeon)
Wands
 n - a wand of digging (5)
   (You took it off Ijyb on level 4 of the Dungeon)
Scrolls
 f - a scroll of enchant weapon {unknown}
 g - a scroll of magic mapping {unknown}
 i - a scroll of teleportation {unknown}
 j - 2 scrolls of identify {unknown}
 l - a scroll of summoning {unknown}
 p - a scroll of blinking {unknown}
Potions
 b - 2 potions of magic
 e - 2 potions of heal wounds {unknown}
 o - 3 potions of flight {unknown}

Dungeon Overview and Level Annotations

Branches:
Dungeon (2/15) Zot: 16603

Altars:

♣ ♣ # .. #.. .##.#
#.# .[#.#
#.###.#.#
#.##....#
#########
#.......#
..#.##..# #.##ggg#
........# ##.###@#
###.###.###..[##.#
###.###..........#
>.......###...####
........#
##.#######
###.######
#.......#
.........#
#######.#
.)..####.# #####


You could see 3 gnolls.


Message History

Press: ? - help, Shift-Dir - straight line, f/p - Ijyb
Aim: Ijyb, wielding a +0 spectral club, wearing a +3 scale mail of positive energy and carrying a wand of digging (5) (severely wounded)
You freeze Ijyb. Ijyb completely misses you. 😎 MP[-1]
You lost 1 mp, and now have 2/6 mp.
Unknown command.
Casting: Freeze (safe; 2% risk of failure)
Confirm with . or Enter, or press ? or * to list all spells.
Aiming: Freeze (safe; 2% risk of failure)
Press: ? - help, Shift-Dir - straight line, f/p - Ijyb
Aim: Ijyb, wielding a +0 spectral club, wearing a +3 scale mail of positive energy and carrying a wand of digging (5) (almost dead)
You freeze Ijyb!
You kill Ijyb!
You have reached level 4! 😎 HP[+6] MP[-1]
You now have 30 max hp (+6).
Your hp is fully restored (30).
This spell is dangerous to cast!
Memorise Ozocubu's Armour, consuming 3 spell levels and leaving 0?
You start memorising the spell.
You continue memorising. x3
You finish memorising.
Spell assigned to 'd'.
n - a wand of digging (5);
o - a lumpy coppery potion
Things that are here:
a +0 spectral club; a +3 scale mail of positive energy 😎 MP[+5]
You regained 5 mp, and now have 6/8 mp.
o - 3 lumpy coppery potions (gained 2)
A dart slug comes into view. 😎 MP[+2]
Your mp is fully restored (8).
A dart slug is nearby!
A dart slug is nearby!
A dart slug is nearby!
The dart slug launches a dart at you. The slug dart hits you. 😕 HP[-3]
You take 3 damage, and now have 27/30 hp.
The dart slug launches a dart at you. The slug dart misses you.
You slash the dart slug! You burn the dart slug.
You kill the dart slug! 😕 HP[+1]
You now have 72 gold pieces (gained 9).
h - 20 stones (gained 2)
p - a scroll labelled HOWUIN LOQAK 😎 HP[+2]
Your hp is fully restored (30).
No target in view!
No target in view!
A goblin comes into view. It is wielding a +0 club.
The goblin shouts!
The goblin closely misses you.
You hit the goblin. You burn the goblin.
You kill the goblin!
A dart slug comes into view.
A dart slug is nearby!
The dart slug briefly extends its eye-stalks.
A dart slug is nearby!
A dart slug is nearby!
You hit the dart slug. You burn the dart slug.
The dart slug briefly extends its eye-stalks.
The dart slug barely misses you.
You completely miss the dart slug.
The dart slug bites you but does no damage.
A dart slug is nearby!
You slash the dart slug! You burn the dart slug.
You kill the dart slug!
No target in view!
Found a stone staircase leading down.
No target in view!
No target in view!
q - 6 poisoned darts No target in view!
No target in view!
There is a stone staircase leading down here.
q - 12 poisoned darts (gained 6) No target in view!
No target in view!
You see here a scarf of shadows.
No target in view!
No target in view! 3 gnolls come into view.
The gnoll shouts! x3
The gnoll moves out of view.
The gnoll barely misses you. The gnoll misses you.
There are monsters nearby!
You barely miss the gnoll. You block the gnoll's attack.
The gnoll completely misses you. You block the gnoll's attack. x2
The gnoll hits you with a +0 whip.
You hit the gnoll. You burn the gnoll. The gnoll hits you but does no damage.
The gnoll misses you. The gnoll closely misses you. 😕 HP[-3]
You take 3 damage, and now have 27/30 hp.
There are monsters nearby!
You closely miss the gnoll. The gnoll hits you with a +0 whip.
The gnoll hits you with a +0 flail!
* * * LOW HITPOINT WARNING * * *
The gnoll hits you with a +0 flail.
* * * LOW HITPOINT WARNING * * *
The gnoll hits you with a +0 flail!
You die...

Skill      XL: |  1  2 |
---------------+-------+-----
Ice Magic      | 5 |  5.7
Long Blades    | |  0.1
Dodging        | |  2.6
Stealth        | |  2.1
Spellcasting   | |  2.8

Action                   |  1- 3 |  4- 6 || total
-------------------------+-------+-------++-------
Melee: Unarmed           |    15 |       ||    15
       Dagger            |    19 |       ||    19
       Long sword        |     1 |     8 ||     9
 Cast: Freeze            |    48 |       ||    48
 Stab: Sleeping          |     3 |       ||     3
Armor: Robe              |    18 |     2 ||    20
Dodge: Dodged            |    36 |     8 ||    44
Block: Other             |     5 |     3 ||     8

Levels and vault maps discovered:
D:1:      roderic_dead_forest, layout_basic
D:2:      layout_basic, minmay_misc_feat_columns, chequers_decorated_corner,
          uniq_jessica
D:4:      layout_loops_ring, uniq_ijyb, uniq_crazy_yiuf_cottage, uniq_robin

Notes
Turn   | Place    | Note
-------+----------+-------------------------------------------
     0 | D:1      | kae the Merfolk Ice Elementalist began the quest for the
                  | Orb.
     0 | D:1      | Reached XP level 1. HP: 13/13 MP: 3/3
     0 | D:1      | magus.rc [v1.11.3]
   135 | D:1      | Reached XP level 2. HP: 17/19 MP: 0/5
   464 | D:1      | Reached skill level 5 in Ice Magic
   570 | D:1      | You pick up a book of Fire and begin reading...
   570 | D:1      | You add the spells Foxfire, Fireball and Starburst to your
                  | library.
   605 | D:1      | Reached XP level 3. HP: 14/24 MP: 2/6
   873 | D:2      | Learned a level 3 spell: Frozen Ramparts
   875 | D:2      | Learned a level 1 spell: Foxfire
   900 | D:1      | HP: 6/24 [hobgoblin (3)]
  1138 | D:2      | You fall into a shaft and drop 2 floors!
  1153 | D:4      | Identified the +9 long sword of Felon {flame, rPois rCorr}
  1160 | D:4      | Noticed Ijyb
  1171 | D:4      | Killed Ijyb
  1172 | D:4      | Reached XP level 4. HP: 30/30 MP: 1/8
  1176 | D:4      | Learned a level 3 spell: Ozocubu's Armour
  1393 | D:4      | Slain by a gnoll

Vanquished Creatures
  Ijyb (D:4)
  An adder (D:2)
  2 dart slugs (D:4)
  5 ball pythons (D:1)
  3 endoplasms
  2 giant cockroaches
  3 goblins
  2 hobgoblins (D:1)
  5 kobolds (D:1)
  6 bats
  4 frilled lizards
  4 rats
38 creatures vanquished.

Table legend:
 A = Non-vault XP
 B = Vault XP
 C = Vault XP percentage of total XP
 D = Non-vault monster count
 E = Vault monster count
 F = Vault count percentage of total count
                 A         B        C        D         E       F
            +---------+---------+-------+---------+---------+-------
      Total |      72 |      36 |  33.3 |      37 |       1 |   2.6
            +---------+---------+-------+---------+---------+-------
        D:1 |      42 |       0 |   0.0 |      27 |       0 |   0.0
        D:2 |      21 |       0 |   0.0 |       7 |       0 |   0.0
        D:4 |       9 |      36 |  80.0 |       3 |       1 |  25.0
            +---------+---------+-------+---------+---------+-------

Illustrated notes

Table legend:
 A = Kills in this place as a percentage of kills in entire the game.
 B = Kills by you in this place as a percentage of kills by you in the entire game.
 C = Kills by friends in this place as a percentage of kills by friends in the entire game.
 D = Other kills in this place as a percentage of other kills in the entire game.
 E = Experience gained in this place as a percentage of experience gained in the entire game.
 F = Experience gained in this place divided by the number of levels of this place that you have seen.
                   A       B       C       D       E      F
               +-------+-------+-------+-------+-------+----------------------
         Total | 100.0 | 100.0 |   N/A |   N/A | 100.0 |  36.0
       Dungeon | 100.0 | 100.0 |   N/A |   N/A | 100.0 |  36.0
               +-------+-------+-------+-------+-------+----------------------

Table legend: (Time is in decaauts)
 A = Elapsed time spent in this place.
 B = Non-inter-level travel time spent in this place.
 C = Inter-level travel time spent in this place.
 D = Time resting spent in this place.
 E = Time spent auto-exploring this place.
 F = Levels seen in this place.
 G = Mean time per level.
                   A        B        C        D        E       F      G
               +--------+--------+--------+--------+--------+-----+--------+
         Total |   1394 |   1377 |     17 |      8 |   1053 |   3 |  464.7 |
       Dungeon |   1394 |   1377 |     17 |      8 |   1053 |   3 |  464.7 |
               +--------+--------+--------+--------+--------+-----+--------+

Top non-repeatable levels by time:
     D:1: 942 daAuts
     D:4: 257 daAuts
     D:2: 195 daAuts
